 Dungeon Sprint DCSS version 0.28.0-62-gf88900778d (webtiles) character file.

Game seed: 4540526638332739986

623 cbfl8 the Fighter (level 7, -5/65 HPs)
             Began as a Demonspawn Berserker on Jan 14, 2024.
             Was a Believer of Trog.
             Slain by Sonja
             ... wielding a +0 short sword of distortion
              (18 damage)
             ... in the Dungeon (Sprint I: "Red Sonja").
             The game lasted 00:02:15 (1037 turns).

cbfl8 the Fighter (Demonspawn Berserker)            Turns: 1037, Time: 00:02:15

Health: -5/65      AC:  8    Str: 19    XL:     7   Next: 22%
Magic:  7/7        EV: 11    Int:  8    God:    Trog [**....]
Gold:   15         SH:  5    Dex: 13    Spells: 6/6 levels left

rFire   . . .      SeeInvis .   a - +0 hand axe
rCold   . . .      Faith    .   (no shield)
rNeg    . . .      Spirit   .   j - +0 ring mail
rPois   .          Reflect  +   (no helmet)
rElec   .          Harm     .   (no cloak)
rCorr   .          Rampage  .   (no gloves)
Will    .....      NoTele   +   (no boots)
Stlth   +.........              k - amulet of reflection
HPRegen 0.20/turn               (no ring)
MPRegen 0.10/turn               (no ring)

@: on berserk cooldown, slowed, very slow
A: thin metallic scales 1, spiny 1, demonic magic 2, demonic touch 1
a: Renounce Religion, Berserk, Trog's Hand


You were in the Dungeon.
You worshipped Trog.
Trog was pleased with you.
You visited 1 branch You collected 405 gold pieces.
You spent 390 gold pieces at shops.

Inventory:

Hand Weapons
 a - a +0 hand axe (weapon)
Armour
 j - a +0 ring mail (worn)
Jewellery
 k - an amulet of reflection (around neck)
Scrolls
 b - a scroll of enchant weapon {unknown}
Potions
 d - 2 potions of heal wounds
 e - a potion of haste
 f - 2 potions of magic
 g - a potion of berserk rage
 i - a potion of lignification {unknown}


   Skills:
 + Level 9.7 Fighting
 + Level 9.1 Axes
 + Level 5.0 Armour
 - Level 2.4 Dodging
 * Level 6.6 Evocations


You had 6 spell levels left.
You didn't know any spells.
Your spell library was empty.

Dungeon Overview and Level Annotations

Branches:
Dungeon (1/1)

Altars:
Cheibriados
Dithmenos
Elyvilon
Fedhas
Gozag
Hepliaklqana
Kikubaaqudgha
Makhleb
Nemelex Xobeh
Okawaru
Qazlal
Ru
Sif Muna
Trog
Uskayaw
Vehumet
Wu Jian
Xom
Yredelemnul
Zin
The Shining One
Jiyva
Lugonu

Shops:
D =

Annotations:
D Sonja


Innate Abilities, Weirdness & Mutations

You are partially covered in thin metallic scales. (AC +2)
You are partially covered in sharp spines.
Spells you cast may paralyse nearby enemies.
Your touch may inflict minor irresistible damage on your foes.


Message History

There is an open door here.
You feel your anger nearly subside.
You are no longer berserk.
You are exhausted.
You feel as though you will be slow longer.
You feel sick.
Sonja casts a spell.
Sonja blinks!
Okay, then.
Blink to where?
Press: ? - help, Dir - move target
As you read the scroll of blinking, it crumbles to dust.
You feel sick.
You feel sick.
You are no longer poisoned.
You close the door.
Sonja opens the door.
Sonja bows elegantly.
Sonja throws a curare-tipped dart.
The curare-tipped dart closely misses you.
Sonja says, "The Royal Ballet doesn't accept kobolds.
That's why I went into killing people."
There is an open door here.
Sonja mumbles some strange words.
Sonja blinks!
Sonja is struck by your spines.
Sonja hits you with a +0 short sword of distortion.
Sonja barely misses you. x2
You close the door.
Sonja hits you with a +0 short sword of distortion.
Space warps horribly around you! Sonja closely misses you.
You block Sonja's attack. Sonja hits you but does no damage.
Space warps around you. Sonja misses you. You block Sonja's attack.
You miss Sonja.
Sonja is lightly wounded.
Sonja is struck by your spines. Sonja hits you but does no damage.
You block Sonja's attack.
Sonja hits you with a +0 short sword of distortion.
Space warps horribly around you. Sonja is struck by your spines.
Sonja hits you but does no damage. Space warps horribly around you!
* * * LOW HITPOINT WARNING * * *
Sonja hits you but does no damage. Space warps horribly around you!!
You die...

###################
#..)..#..'..#__#.K+
'[.#..').#..'§.+@.#
#####'#####'#__####
####..#...#:####
#__####.§##(#
#_____##'#_.+
#_.∩...K..._#
#_..__##_K#'#
#_____###'#.#
####### #.###


You could see Sonja.

Vanquished Creatures
  A slime creature (D)
  Sigmund (D)
  A yak (D)
  An ogre (D)
  A jelly (D)
  Ijyb (D)
6 creatures vanquished.

Notes
Turn   | Place    | Note
-------+----------+-------------------------------------------
     0 | D        | cbfl8 the Demonspawn Berserker began the quest for the Orb.
     0 | D        | Reached XP level 1. HP: 18/18 MP: 1/1
     2 | D        | Noticed Ijyb
    11 | D        | Killed Ijyb
    12 | D        | Gained mutation: You are partially covered in sharp spines.
                  | [demonic ancestry]
    12 | D        | Reached XP level 2. HP: 12/26 MP: 2/2
   330 | D        | Noticed an ogre
   335 | D        | Killed an ogre
   336 | D        | Reached skill level 5 in Axes
   336 | D        | Gained mutation: You are partially covered in thin metallic
                  | scales. (AC +2) [demonic ancestry]
   336 | D        | Reached XP level 3. HP: 34/34 MP: 3/3
   336 | D        | Reached XP level 4. HP: 40/40 MP: 4/4
   488 | D        | Noticed Sigmund
   498 | D        | Killed Sigmund
   498 | D        | Reached ** piety under Trog
   499 | D        | Gained mutation: Spells you cast may paralyse adjacent
                  | enemies. [demonic ancestry]
   499 | D        | Reached XP level 5. HP: 41/49 MP: 5/5
   499 | D        | Gained mutation: Your touch may inflict minor irresistible
                  | damage on your foes. [demonic ancestry]
   499 | D        | Reached XP level 6. HP: 47/56 MP: 6/6
   664 | D        | Found an ornate altar of the Wu Jian Council.
   664 | D        | Found a shimmering blue altar of Sif Muna.
   672 | D        | Reached skill level 5 in Evocations
   793 | D        | Found a radiant altar of Vehumet.
   836 | D        | Found Esicymm's Jewellery Emporium.
   836 | D        | Found an ancient bone altar of Kikubaaqudgha.
   836 | D        | Found a hazy altar of Hepliaklqana.
   836 | D        | Found a stormy altar of Qazlal.
   836 | D        | Found a hide-covered altar of Uskayaw.
   836 | D        | Found a blossoming altar of Fedhas.
   836 | D        | Found a bloodstained altar of Trog.
   836 | D        | Found an iron altar of Okawaru.
   836 | D        | Found a basalt altar of Yredelemnul.
   836 | D        | Found a snail-covered altar of Cheibriados.
   836 | D        | Found a sacrificial altar of Ru.
   836 | D        | Found a shadowy altar of Dithmenos.
   836 | D        | Noticed a yak
   843 | D        | Killed a yak
   844 | D        | Found an opulent altar of Gozag.
   845 | D        | Found a sparkling altar of Nemelex Xobeh.
   951 | D        | Found a burning altar of Makhleb.
   951 | D        | Found a viscous altar of Jiyva.
   951 | D        | Found a shimmering altar of Xom.
   951 | D        | Found a corrupted altar of Lugonu.
   951 | D        | Noticed a slime creature
   958 | D        | Killed a slime creature
   959 | D        | Reached skill level 5 in Armour
   959 | D        | Gained mutation: Spells you cast may paralyse nearby
                  | enemies. [demonic ancestry]
   959 | D        | Reached XP level 7. HP: 65/65 MP: 7/7
  1010 | D        | Bought an amulet of reflection for 390 gold pieces
  1022 | D        | Noticed Sonja
  1037 | D        | Slain by Sonja

Illustrated notes

Levels and vault maps discovered:
D:        dungeon_sprint_1 [red_sonja_temple_1, red_sonja_temple_small_1]

Skill      XL: |  1  2  3  4  5  6 |
---------------+-------------------+-----
Fighting       | 4 6 8 9 |  9.7
Axes           | 4 5 7 9 |  9.1
Armour         | 2 3 4 5 |  5.0
Dodging        | 2 |  2.4
Evocations     | 2 4 6 |  6.6

Action                   |  1- 3 |  4- 6 |  7- 9 || total
-------------------------+-------+-------+-------++-------
Melee: Hand axe          |    12 |    24 |     2 ||    38
       Touch             |       |     2 |       ||     2
Invok: Berserk           |     2 |     2 |     1 ||     5
  Use: Scroll            |       |       |     1 ||     1
       Potion            |       |       |     1 ||     1
Armor: Ring mail         |       |     2 |     4 ||     6
Dodge: Dodged            |     4 |     6 |     6 ||    16
Block: Other             |       |       |     5 ||     5
       Reflection        |       |       |     2 ||     2
